 Dungeon Crawl Stone Soup version 0.23-a0-714-g00c90a0c22 (webtiles) character file.

42 Hercules1031 the Ducker (level 3, 0/20 HPs)
             Began as a Spriggan Monk on Jan 16, 2019.
             Succumbed to an adder's poison
             ... on level 2 of the Dungeon.
             The game lasted 00:02:22 (996 turns).

Hercules1031 the Ducker (Spriggan Monk)              Turns: 996, Time: 00:02:22

Health: 0/20       AC:  2    Str:  7    XL:     3   Next: 33%
Magic:  4/4        EV: 21    Int: 11    God:
Gold:   37         SH:  0    Dex: 19    Spells: 2/2 levels left

rFire    . . .     SeeInvis +   a - +0 short sword
rCold    . . .     Gourm    .   (shield restricted)
rNeg     . . .     Faith    .   b - +0 robe
rPois    .         Spirit   .   (helmet restricted)
rElec    .         Reflect  .   (no cloak)
rCorr    .         Harm     .   (gloves unavailable)
MR       .....                  (boots unavailable)
Stlth    +++.......             (no amulet)
HPRegen  0.06/turn              (no ring)
MPRegen  0.09/turn              (no ring)

@: lethally poisoned (0 -> -12), very quick
A: very small, unfitting armour, see invisible, herbivore, speed 3, slow
metabolism 2
a: no special abilities


You were on level 2 of the Dungeon.
You were not hungry.

You visited 1 branch of the dungeon, and saw 2 of its levels.

You collected 37 gold pieces.

Inventory:

Hand Weapons
 a - a +0 short sword (weapon)
Armour
 b - a +0 robe (worn)
Jewellery
 d - a +3 amulet of reflection {unknown}
Scrolls
 e - a scroll of fog {unknown}
 f - 2 scrolls of remove curse {unknown}
 g - a scroll of teleportation {unknown}
Comestibles
 c - 3 rations


   Skills:
 * Level 3.0 Fighting
 + Level 3.6 Short Blades
 + Level 4.9 Dodging
 + Level 3.7 Stealth


You had 2 spell levels left.
You didn't know any spells.
Your spell library was empty.

Dungeon Overview and Level Annotations

Branches:
Dungeon (2/15)

Altars:


Innate Abilities, Weirdness & Mutations

You are very small and have problems with some larger weapons.
You are too small for most types of armour.
You have supernaturally acute eyesight. (SInv)
You are a herbivore.
You cover ground extremely quickly.
You need to consume almost no food.


Message History

The adder is almost dead.
* * * LOW HITPOINT WARNING * * *
You feel sick. The adder closely misses you.
You barely miss the adder.
The adder is almost dead.
* * * LOW HITPOINT WARNING * * *
You feel sick. The adder completely misses you.
You hit the adder.
You kill the adder!
Your Fighting skill increases to level 3!
Unknown command.
There is a lethal amount of poison in your body!
* * * LOW HITPOINT WARNING * * *
You feel sick.
You see here an adder corpse.
* * * LOW HITPOINT WARNING * * *
You feel sick.
* * * LOW HITPOINT WARNING * * *
You feel sick.
You die...

# #. ..
#.###.#########
.......@......#
#.###.#####†###
# #.# #.# #<#
###


There were no monsters in sight!

Vanquished Creatures
  A gnoll (D:1)
  An adder (D:2)
  2 giant cockroaches (D:1)
  5 hobgoblins (D:1)
  2 kobolds (D:1)
  2 ball pythons (D:1)
  4 bats (D:1)
  2 frilled lizards (D:1)
  A goblin (D:1)
  3 rats (D:1)
23 creatures vanquished.

Notes
Turn   | Place    | Note
-------+----------+-------------------------------------------
     0 | D:1      | Hercules1031 the Spriggan Monk began the quest for the Orb.
     0 | D:1      | Reached XP level 1. HP: 11/11 MP: 2/2
   471 | D:1      | Reached XP level 2. HP: 14/16 MP: 3/3
   742 | D:1      | Reached XP level 3. HP: 13/19 MP: 4/4
   994 | D:2      | HP: 1/20 [poisoned by an adder]
   996 | D:2      | Succumbed to an adder's poison

Vault maps used:
D:1:      dpeg_arrival_chase, roderic_serpentine_path, minmay_tetromino_s2
D:2:      chequers_ecumenical_altar_simple, first_ration

Skill      XL: |  1  2  3 |
---------------+----------+-----
Fighting       | 3 |  3.0
Short Blades   | |  3.6
Dodging        | |  4.9
Stealth        | |  3.7

Action                   || total
-------------------------++-------
Melee: Short sword       ||   103
 Stab: Sleeping          ||     8
Armor: Robe              ||    10
Dodge: Dodged            ||   130

Table legend:
 A = Non-vault XP
 B = Vault XP
 C = Vault XP percentage of total XP
 D = Non-vault monster count
 E = Vault monster count
 F = Vault count percentage of total count
                 A         B        C        D         E       F
            +---------+---------+-------+---------+---------+-------
      Total |      57 |       3 |   5.0 |      21 |       2 |   8.7
            +---------+---------+-------+---------+---------+-------
        D:1 |      44 |       3 |   6.4 |      20 |       2 |   9.1
        D:2 |      13 |       0 |   0.0 |       1 |       0 |   0.0
            +---------+---------+-------+---------+---------+-------
